General information
- name: BNet
- type: Ladder team game (AT/RT)
- host: Battle.net
- saver: HumanKingTomVIP
map: Deadlock
- players: 8
- length: 27:48
- speed: Fast
- version: 1.26 W3XP
- replay type: Public
» download(184 KB)
Players
team 1 (loser)
politikin (
yellow | 49 APM | 1348 actions | 27:47)
5 Tauren Chieftain
3 Endurance Aura
2 War Stomp
5 Shadow Hunter
2 Healing Wave
3 Hex
4 Blademaster
1 Wind Walk
3 Critical Strike
» actions
| Assign group hotkey | 1 | |
| Build / train | 73 | |
| Enter build submenu | 33 | |
| Enter hero's abilities submenu | 14 | |
| Give item / drop item | 2 | |
| Right click | 808 | |
| Select / deselect | 334 | |
| Use ability | 83 | |
1348 total
» units
| Peon | 19 | |
| Grunt | 6 | |
| Troll Headhunter/Berserker | 7 | |
| Shaman | 1 | |
| Troll Witch Doctor | 1 | |
34 total
» upgrades
| Pillage | 1 | |
| Armor | 1 | |
| Berserker Strength | 1 | |
| Melee Weapons | 1 | |
| Shaman Training | 2 | |
| Witch Doctor Training | 2 | |
| Ranged Weapons | 1 | |
| Berserker Upgrade | 1 | |
10 total
» buildings
| Barracks | 1 | |
| Orc Burrow | 16 | |
| Altar of Storms | 1 | |
| Voodoo Lounge | 1 | |
| Stronghold | 1 | |
| War Mill | 1 | |
| Spirit Lodge | 2 | |
| Fortress | 1 | |
| Great Hall | 1 | |
| Watch Tower | 4 | |
29 total
» build order
00:15 Barracks
00:20 Orc Burrow
00:29 Altar of Storms
01:37 Orc Burrow
02:00 Voodoo Lounge
04:08 Stronghold
04:34 War Mill
05:09 Orc Burrow
05:42 Orc Burrow
06:48 Spirit Lodge
08:27 Fortress
08:55 Orc Burrow
11:44 Spirit Lodge
14:19 Orc Burrow
14:22 Orc Burrow
14:24 Orc Burrow
15:48 Great Hall
16:12 Watch Tower
16:14 Watch Tower
16:16 Watch Tower
18:30 Orc Burrow
18:31 Orc Burrow
18:33 Orc Burrow
18:35 Orc Burrow
18:37 Orc Burrow
18:39 Orc Burrow
19:37 Watch Tower
20:52 Orc Burrow
20:55 Orc Burrow
» items
| Healing Salve | 2 | |
| Lesser Clarity Potion | 2 | |
| Potion of Healing | 2 | |
| Orb of Lightning | 2 | |
| Tiny Great Hall | 1 | |
9 total
RuthGrayFeather (
red | 39 APM | 1079 actions | 27:47)
5 Death Knight
2 Death Coil
3 Unholy Aura
» actions
| Build / train | 57 | |
| Enter build submenu | 20 | |
| Enter hero's abilities submenu | 5 | |
| Remove unit from queue | 1 | |
| Right click | 605 | |
| Select / deselect | 357 | |
| Use ability | 34 | |
1079 total
» units
| Acolyte | 8 | |
| Ghoul | 7 | |
| Crypt Fiend | 17 | |
32 total
» upgrades
| Creature Attack | 2 | |
| Creature Carapace | 2 | |
| Web | 1 | |
5 total
» buildings
| Graveyard | 1 | |
| Ziggurat | 12 | |
| Altar of Darkness | 1 | |
| Crypt | 2 | |
| Spirit Tower | 8 | |
| Tomb of Relics | 1 | |
| Halls of the Dead | 1 | |
| Nerubian Tower | 3 | |
29 total
» build order
01:18 Graveyard
01:22 Ziggurat
01:26 Altar of Darkness
01:30 Crypt
01:36 Crypt
01:51 Ziggurat
02:47 Spirit Tower
03:05 Spirit Tower
03:23 Ziggurat
03:30 Tomb of Relics
04:16 Ziggurat
04:47 Halls of the Dead
08:31 Ziggurat
10:03 Spirit Tower
11:43 Ziggurat
11:57 Ziggurat
12:03 Ziggurat
12:09 Ziggurat
12:38 Spirit Tower
12:50 Spirit Tower
12:56 Spirit Tower
13:06 Spirit Tower
13:48 Nerubian Tower
13:51 Nerubian Tower
15:21 Ziggurat
15:55 Ziggurat
16:08 Ziggurat
17:05 Spirit Tower
17:09 Nerubian Tower
» items
CoWBeLL (
pink | 51 APM | 1430 actions | 27:47)
4 Blademaster
2 Wind Walk
2 Critical Strike
4 Shadow Hunter
2 Hex
2 Healing Wave
» actions
| Assign group hotkey | 12 | |
| Basic commands | 175 | |
| Build / train | 77 | |
| Enter build submenu | 22 | |
| Enter hero's abilities submenu | 8 | |
| Give item / drop item | 1 | |
| Remove unit from queue | 1 | |
| Right click | 670 | |
| Select / deselect | 250 | |
| Select group hotkey | 144 | |
| Use ability | 70 | |
1430 total
» units
» upgrades
| Ranged Weapons | 3 | |
| Shaman Training | 2 | |
| Envenomed Spears | 1 | |
| Armor | 1 | |
7 total
» buildings
| Altar of Storms | 1 | |
| Orc Burrow | 10 | |
| Stronghold | 1 | |
| War Mill | 1 | |
| Beastiary | 1 | |
| Fortress | 1 | |
| Voodoo Lounge | 1 | |
| Spirit Lodge | 1 | |
| Great Hall | 3 | |
| Watch Tower | 1 | |
21 total
» build order
00:10 Altar of Storms
00:13 Orc Burrow
02:06 Stronghold
02:30 War Mill
02:36 Orc Burrow
03:58 Orc Burrow
04:29 Beastiary
04:34 Fortress
04:59 Orc Burrow
05:45 Voodoo Lounge
06:57 Spirit Lodge
13:56 Orc Burrow
14:00 Orc Burrow
15:00 Great Hall
19:19 Orc Burrow
19:21 Orc Burrow
19:27 Orc Burrow
22:12 Orc Burrow
23:08 Watch Tower
24:49 Great Hall
25:26 Great Hall
» items
| Circlet of Nobility | 2 | |
| Orb of Lightning | 1 | |
| Healing Salve | 1 | |
| Tiny Great Hall | 1 | |
| Boots of Speed | 1 | |
| Periapt of Vitality | 1 | |
7 total

»
chili. (
orange | 80 APM | 1115 actions | 13:59)
2 Blademaster
1 Mirror Image
1 Critical Strike
1 Shadow Hunter
1 Healing Wave
» actions
| Assign group hotkey | 30 | |
| Basic commands | 1 | |
| Build / train | 47 | |
| Enter build submenu | 14 | |
| Enter hero's abilities submenu | 3 | |
| Remove unit from queue | 1 | |
| Right click | 441 | |
| Select / deselect | 239 | |
| Select group hotkey | 291 | |
| Use ability | 48 | |
1115 total
» units
| Peon | 10 | |
| Troll Headhunter/Berserker | 10 | |
| Grunt | 4 | |
| Troll Batrider | 3 | |
27 total
» upgrades
» buildings
| Altar of Storms | 1 | |
| Orc Burrow | 4 | |
| Voodoo Lounge | 1 | |
| Barracks | 1 | |
| War Mill | 2 | |
| Watch Tower | 2 | |
| Stronghold | 4 | |
| Beastiary | 1 | |
16 total
» build order
00:08 Altar of Storms
00:12 Orc Burrow
00:52 Voodoo Lounge
01:26 Orc Burrow
01:46 Barracks
02:36 War Mill
03:40 Orc Burrow
04:23 War Mill
06:05 Orc Burrow
06:33 Watch Tower
06:37 Watch Tower
08:44 Stronghold
08:44 Stronghold
08:44 Stronghold
08:44 Stronghold
11:58 Beastiary
» items
| Lesser Clarity Potion | 2 | |
| Healing Salve | 1 | |
| Scroll of Speed | 1 | |
| Boots of Speed | 1 | |
| Scroll of Town Portal | 1 | |
| Potion of Mana | 1 | |
7 total
team 2 (winner)
HumanKingTomVIP (
green | 70 APM | 1950 actions | 27:48)
9 Goblin Tinker
3 Pocket Factory
3 Engineering Upgrade
1 Robo-Goblin
2 Cluster Rockets
» actions
| Assign group hotkey | 87 | |
| Basic commands | 36 | |
| Build / train | 122 | |
| Enter build submenu | 64 | |
| Enter hero's abilities submenu | 9 | |
| Give item / drop item | 4 | |
| Right click | 628 | |
| Select / deselect | 296 | |
| Select group hotkey | 548 | |
| Use ability | 156 | |
1950 total
» units
| Peasant | 24 | |
| Footman | 6 | |
| Gryphon Rider | 8 | |
38 total
» upgrades
| Masonry | 3 | |
| Lumber Harvesting | 1 | |
| Swords | 3 | |
| Storm Hammers | 1 | |
| Animal War Training | 1 | |
| Armor | 3 | |
| Cloud | 1 | |
| Magic Sentry | 1 | |
14 total
» buildings
| Barracks | 1 | |
| Farm | 13 | |
| Altar of Kings | 1 | |
| Scout Tower | 42 | |
| Arcane Tower | 3 | |
| Town Hall | 4 | |
| Lumber Mill | 1 | |
| Keep | 4 | |
| Guard Tower | 21 | |
| Blacksmith | 1 | |
| Arcane Vault | 2 | |
| Castle | 2 | |
| Gryphon Aviary | 3 | |
| Arcane Sanctum | 1 | |
99 total
» build order
00:11 Barracks
00:29 Farm
00:45 Farm
01:07 Altar of Kings
01:39 Farm
02:27 Farm
02:54 Scout Tower
03:34 Farm
03:36 Arcane Tower
03:50 Scout Tower
04:06 Town Hall
04:39 Lumber Mill
05:28 Keep
05:29 Keep
05:29 Keep
05:40 Arcane Tower
05:43 Scout Tower
05:44 Scout Tower
05:46 Scout Tower
06:06 Scout Tower
06:07 Scout Tower
06:08 Scout Tower
06:11 Scout Tower
06:15 Guard Tower
06:38 Guard Tower
06:40 Guard Tower
06:46 Guard Tower
06:50 Farm
06:53 Farm
06:57 Farm
07:19 Blacksmith
07:48 Arcane Vault
07:52 Castle
07:59 Guard Tower
08:29 Gryphon Aviary
08:32 Gryphon Aviary
08:53 Gryphon Aviary
09:13 Guard Tower
09:17 Farm
09:17 Farm
09:17 Farm
09:20 Farm
09:21 Farm
12:03 Scout Tower
12:04 Scout Tower
12:04 Scout Tower
12:09 Scout Tower
12:10 Scout Tower
12:11 Scout Tower
12:42 Guard Tower
12:50 Guard Tower
12:50 Guard Tower
12:52 Guard Tower
13:27 Arcane Sanctum
15:34 Scout Tower
15:34 Scout Tower
15:35 Scout Tower
15:35 Scout Tower
15:35 Scout Tower
15:36 Scout Tower
15:37 Scout Tower
15:37 Scout Tower
16:33 Town Hall
16:36 Guard Tower
16:36 Guard Tower
16:40 Guard Tower
16:40 Guard Tower
16:55 Guard Tower
17:58 Guard Tower
18:18 Arcane Vault
19:32 Scout Tower
19:33 Scout Tower
19:34 Scout Tower
19:38 Scout Tower
19:39 Scout Tower
19:40 Scout Tower
19:41 Scout Tower
19:41 Scout Tower
19:42 Scout Tower
19:42 Scout Tower
19:45 Scout Tower
19:46 Scout Tower
19:46 Scout Tower
19:47 Scout Tower
20:35 Guard Tower
21:10 Guard Tower
21:16 Guard Tower
22:38 Town Hall
24:36 Arcane Tower
24:41 Town Hall
24:54 Scout Tower
24:55 Scout Tower
24:55 Scout Tower
24:56 Scout Tower
24:57 Scout Tower
» items
| Staff of Teleportation | 1 | |
| Boots of Speed | 1 | |
| Scroll of Regeneration | 5 | |
| Lesser Clarity Potion | 4 | |
| Ivory Tower | 4 | |
| Scroll of Town Portal | 10 | |
| Staff of Sanctuary | 1 | |
| Potion of Mana | 1 | |
| Orb of Lightning | 1 | |
| Tiny Great Hall | 1 | |
29 total

»
wzw (
purple | 50 APM | 1398 actions | 27:47)
6 Blademaster
2 Wind Walk
3 Critical Strike
1 Bladestorm
» actions
| Assign group hotkey | 22 | |
| Basic commands | 39 | |
| Build / train | 82 | |
| ESC pressed | 5 | |
| Enter build submenu | 19 | |
| Enter hero's abilities submenu | 6 | |
| Give item / drop item | 21 | |
| Right click | 520 | |
| Select / deselect | 167 | |
| Select group hotkey | 418 | |
| Use ability | 99 | |
1398 total
» units
» upgrades
| Liquid Fire | 1 | |
| Ranged Weapons | 2 | |
| Reinforced Defenses | 1 | |
4 total
» buildings
| Altar of Storms | 1 | |
| Orc Burrow | 5 | |
| Voodoo Lounge | 1 | |
| War Mill | 2 | |
| Stronghold | 1 | |
| Fortress | 1 | |
| Beastiary | 3 | |
| Great Hall | 3 | |
| Watch Tower | 5 | |
22 total
» build order
00:15 Altar of Storms
00:25 Orc Burrow
00:56 Voodoo Lounge
01:13 War Mill
02:26 Stronghold
02:40 Orc Burrow
02:44 Orc Burrow
03:00 Orc Burrow
04:50 Fortress
05:15 Beastiary
05:16 Beastiary
05:16 Beastiary
05:20 Orc Burrow
12:08 Great Hall
14:26 War Mill
16:15 Watch Tower
16:16 Watch Tower
16:20 Watch Tower
16:22 Watch Tower
17:05 Watch Tower
22:14 Great Hall
24:28 Great Hall
» items
| Healing Salve | 4 | |
| Lesser Clarity Potion | 7 | |
| Scroll of Speed | 1 | |
| Staff of Teleportation | 1 | |
| Boots of Speed | 1 | |
| Dust of Appearance | 2 | |
| Circlet of Nobility | 4 | |
| Potion of Lesser Invulnerability | 2 | |
| Orb of Lightning | 1 | |
| Potion of Mana | 3 | |
| Potion of Healing | 2 | |
28 total
KessMess (
teal | 38 APM | 1045 actions | 27:47)
4 Keeper of the Grove
2 Entangling Roots
2 Thorns Aura
» actions
| Basic commands | 187 | |
| Build / train | 114 | |
| Enter build submenu | 35 | |
| Enter hero's abilities submenu | 4 | |
| Remove unit from queue | 1 | |
| Right click | 326 | |
| Select / deselect | 304 | |
| Use ability | 74 | |
1045 total
» units
| Wisp | 45 | |
| Archer | 21 | |
| Dryad | 15 | |
| Glaive Thrower | 4 | |
| Huntress | 10 | |
95 total
» upgrades
| Strength of the Wild | 2 | |
| Reinforced Hides | 2 | |
| Abolish Magic | 1 | |
| Strength of the Moon | 1 | |
| Vorpal Blades | 1 | |
7 total
» buildings
| Altar of Elders | 3 | |
| Moon Well | 13 | |
| Ancient of War | 4 | |
| Tree of Ages | 2 | |
| Hunter's Hall | 1 | |
| Ancient of Lore | 6 | |
| Tree of Life | 2 | |
| Ancient of Wonders | 1 | |
| Tree of Eternity | 2 | |
| Ancient Protector | 3 | |
37 total
» build order
00:11 Altar of Elders
00:16 Moon Well
00:32 Ancient of War
01:37 Moon Well
05:25 Moon Well
05:30 Tree of Ages
06:28 Moon Well
07:10 Hunter's Hall
08:19 Ancient of Lore
08:28 Tree of Life
08:47 Ancient of Lore
08:53 Ancient of Lore
09:05 Moon Well
09:41 Moon Well
11:46 Moon Well
11:55 Ancient of Lore
12:24 Ancient of Wonders
12:39 Tree of Eternity
12:48 Moon Well
16:59 Altar of Elders
17:06 Moon Well
18:16 Ancient of War
18:26 Ancient of War
19:18 Tree of Life
20:17 Moon Well
20:18 Moon Well
20:21 Moon Well
20:24 Moon Well
21:21 Tree of Ages
21:26 Ancient Protector
21:28 Ancient Protector
21:31 Ancient Protector
22:52 Altar of Elders
22:59 Ancient of War
26:36 Ancient of Lore
26:39 Ancient of Lore
27:23 Tree of Eternity
» items
flashretour (
blue | 41 APM | 1129 actions | 27:47)
3 Blademaster
1 Critical Strike
1 Wind Walk
1 Mirror Image
» actions
| Basic commands | 3 | |
| Build / train | 50 | |
| Enter build submenu | 31 | |
| Enter hero's abilities submenu | 5 | |
| Remove unit from queue | 12 | |
| Right click | 652 | |
| Select / deselect | 320 | |
| Use ability | 55 | |
1129 total
» units
| Peon | 10 | |
| Grunt | 7 | |
| Wind Rider | 1 | |
| Troll Headhunter/Berserker | 2 | |
20 total
» upgrades
| Armor | 1 | |
| Berserker Strength | 1 | |
| Spiked Barricades | 1 | |
| Envenomed Spears | 1 | |
| Berserker Upgrade | 1 | |
| Backpack | 1 | |
| Pillage | 1 | |
| Troll Regeneration | 1 | |
| Ranged Weapons | 1 | |
| Melee Weapons | 1 | |
10 total
» buildings
| Altar of Storms | 1 | |
| Orc Burrow | 8 | |
| Barracks | 1 | |
| War Mill | 4 | |
| Voodoo Lounge | 2 | |
| Stronghold | 1 | |
| Watch Tower | 20 | |
| Beastiary | 3 | |
| Fortress | 1 | |
| Great Hall | 2 | |
43 total
» build order
00:23 Altar of Storms
00:26 Orc Burrow
01:17 Orc Burrow
01:32 Barracks
01:57 War Mill
02:07 War Mill
02:44 Orc Burrow
03:01 Voodoo Lounge
05:10 Stronghold
06:15 Watch Tower
08:23 Beastiary
08:58 Fortress
09:13 Orc Burrow
09:16 Orc Burrow
14:06 Orc Burrow
22:06 Beastiary
22:09 Beastiary
23:52 Watch Tower
23:53 Watch Tower
23:54 Watch Tower
23:54 Watch Tower
23:55 Watch Tower
23:56 Watch Tower
23:57 Watch Tower
23:58 Watch Tower
23:59 Watch Tower
23:59 Watch Tower
24:01 Watch Tower
24:01 Watch Tower
24:02 Watch Tower
24:07 Watch Tower
24:08 Watch Tower
24:10 Watch Tower
24:12 Watch Tower
24:14 Watch Tower
24:15 Watch Tower
24:38 Great Hall
24:44 Great Hall
25:26 War Mill
25:33 War Mill
26:51 Voodoo Lounge
27:11 Orc Burrow
27:17 Orc Burrow
» items
| Potion of Healing | 1 | |
| Healing Salve | 1 | |
2 total
Chat log
(00:48 / Allies) wzw: harass
(00:52 / Allies) HumanKingTomVIP: squelched
(01:03 / Allies) KessMess: squelched? really?
(04:25 / Allies) HumanKingTomVIP: kessmess did you just install the game
(04:27 / Allies) HumanKingTomVIP: you are a huge nooby
(04:41 / Allies) KessMess: not really
(04:44 / Allies) KessMess: i got attacked by two bms
(04:47 / Allies) HumanKingTomVIP: no you definitely are
(04:55 / Allies) KessMess: lol what a douchebag
(05:26 / Allies) flashretour: Im new :D
(07:27 / Allies) HumanKingTomVIP: someone expo that
(08:23 / Allies) KessMess: blue you have a grunt in my base
(08:32 / Allies) flashretour: bad?
(08:38 / Allies) KessMess: just letting you know
(10:21 / Allies) HumanKingTomVIP: can u guys at least mass tower sto stall for time
(15:59 / All) HumanKingTomVIP: rofl
(16:13 / All) HumanKingTomVIP: nooby dogfucker
(16:49 / Allies) HumanKingTomVIP: if you trash would just mass twoers
(16:52 / Allies) HumanKingTomVIP: you would be such better allies
(17:02 / Allies) KessMess: i dont think i like you
(17:07 / Allies) HumanKingTomVIP: i know page one in the noob handbook says dont tower in rt
(17:15 / Allies) HumanKingTomVIP: but im going to ask you to step out of ur comfort zone
(18:16 / All) RuthGrayFeather: haha nice
(18:24 / All) wzw: nice for me
(18:25 / Allies) HumanKingTomVIP: mass twoers
(18:26 / Allies) HumanKingTomVIP: mass
(18:27 / Allies) HumanKingTomVIP: 20 towers
(18:27 / All) wzw: u sux
(18:27 / Allies) HumanKingTomVIP: not 3
(18:32 / All) RuthGrayFeather: suck*
(18:36 / All) RuthGrayFeather: singular
(19:24 / Allies) HumanKingTomVIP: make expos too
(19:27 / Allies) HumanKingTomVIP: 20 towers at each expo
(19:28 / Allies) HumanKingTomVIP: mass expos
(19:53 / Allies) HumanKingTomVIP: stp jerking off to your hero
(19:54 / Allies) HumanKingTomVIP: and play
(19:56 / Allies) HumanKingTomVIP: manage your fukign bases
(19:58 / Allies) HumanKingTomVIP: i dont nee gold noob
(20:05 / Allies) HumanKingTomVIP: i have 2000 gold
(20:07 / Allies) KessMess: lol what a fun person
(20:44 / All) HumanKingTomVIP: this feels like a 1v1
(20:48 / All) HumanKingTomVIP: u get 2 bases i get one
(20:55 / All) HumanKingTomVIP: which one of you is managing everything
(22:48 / Allies) HumanKingTomVIP: just mass towers
(22:50 / Allies) HumanKingTomVIP: you fucking noobs
(22:52 / Allies) HumanKingTomVIP: 20 towers at every base
(22:53 / Allies) HumanKingTomVIP: 20
(22:55 / Allies) HumanKingTomVIP: can you count?
(22:56 / Allies) HumanKingTomVIP: 20
(23:59 / Allies) wzw: why kill my hero?
(24:04 / Allies) HumanKingTomVIP: so you can see your base
(24:10 / Allies) HumanKingTomVIP: and stop the dota noob tunnel vision
(24:13 / Allies) HumanKingTomVIP: on mightyo tojara
(25:27 / All) HumanKingTomVIP: lol ballistas
(25:42 / All) KessMess: pretty tight right?
(27:37 / All) HumanKingTomVIP: LOL
(27:46 / All) HumanKingTomVIP: LOL